 Dungeon Crawl Stone Soup version 0.19.1-1-g22dce08 (webtiles) character file.

173 kSp the Poker (level 5, -6/39 HPs)
             Began as a Demonspawn Gladiator on Jan 14, 2017.
             Mangled by dscm's ghost (7 damage)
             ... on level 3 of the Dungeon.
             The game lasted 00:22:06 (3049 turns).

kSp the Poker (Demonspawn Gladiator)                Turns: 3049, Time: 00:22:07

Health: -6/39      AC:  8    Str: 16    XL:     5   Next: 28%
Magic:  5/5        EV: 12    Int: 10    God:
Gold:   87         SH:  0    Dex: 13    Spells: 0 memorised, 4 levels left

rFire  . . .     SeeInvis +     z - +0 war axe
rCold  + . .     Gourm    .     s - +2 ring mail {rC+}
rNeg   . . .     Faith    .     (no shield)
rPois  .         Spirit   .     (helmet restricted)
rElec  +         Reflect  .     (no cloak)
rCorr  .         Harm     .     (no gloves)
MR     .....     Clarity  +     n - +0 pair of boots
Stlth  +++....... Rnd*Tele +    x - amulet of magic regeneration
                                l - ring of see invisible
                                h - ring of teleportation (curse)

@: no status effects
A: antennae 2, clarity, high mp 1, nightstalker 2, electricity resistance
a: no special abilities


You were on level 3 of the Dungeon.
You were very full.

You visited 1 branch of the dungeon, and saw 3 of its levels.

You collected 87 gold pieces.

Inventory:

Hand Weapons
 a - a +0 trident
 z - a +0 war axe (weapon)
Missiles
 d - 5 throwing nets (quivered)
 i - 44 bolts
 m - 8 tomahawks
Armour
 c - a +0 helmet
 n - a +0 pair of boots (worn)
 s - a +2 ring mail of cold resistance (worn)
Jewellery
 h - a cursed ring of teleportation (left hand)
 l - a ring of see invisible (right hand)
 o - an uncursed amulet of guardian spirit {unknown}
 x - an amulet of magic regeneration (around neck)
Wands
 p - a wand of polymorph (3/24)
 q - a wand of lightning (8/15)
Scrolls
 b - 2 scrolls of remove curse {unknown}
 e - 3 scrolls of teleportation {unknown}
 g - 6 scrolls of identify {unknown}
 r - a scroll of fear {unknown}
 t - a scroll of immolation {unknown}
 u - a scroll of blinking {unknown}
 w - 2 scrolls of enchant weapon {unknown}
 y - a scroll of amnesia {unknown}
Potions
 k - a potion of magic
Comestibles
 f - a bread ration
 j - 2 fruits
 v - a meat ration


   Skills:
 + Level 2.4 Fighting
 + Level 4.1 Polearms
 + Level 1.7 Throwing
 + Level 1.6 Armour
 + Level 3.4 Dodging
 + Level 1.2 Stealth


You had 4 spell levels left.
You didn't know any spells.

Dungeon Overview and Level Annotations

Branches:
Dungeon (3/15)

Altars:

Annotations:
D:3 dscm's ghost, weakling HOFi


Innate Abilities, Weirdness & Mutations

You have a pair of antennae on your head.
You are significantly more attuned to the shadows.
You possess an exceptional clarity of mind.
You have an increased reservoir of magic. (+10% MP)
You are resistant to electric shocks. (rElec)


Message History

You slash the hobgoblin!
You kill the hobgoblin!
You hit dscm's ghost but do no damage. Dscm's ghost hits you!
* * * LOW HITPOINT WARNING * * *
The rat misses you.
The hobgoblin shouts!
You slash the rat!
You kill the rat!
Your ring mail prevents you from hitting dscm's ghost.
Dscm's ghost barely misses you.
You hit the leopard gecko.
The leopard gecko is heavily wounded.
You barely miss dscm's ghost. Dscm's ghost barely misses you.
The leopard gecko closely misses you. Dscm's ghost barely misses you.
The leopard gecko bites you.
* * * LOW HITPOINT WARNING * * *
You hit the leopard gecko.
You kill the leopard gecko!
You hit dscm's ghost but do no damage. Dscm's ghost hits you!
You die...

#...# #...# ##...#####
.......... ........#
.......... ..#...#.. {
........>. .......
##...### #...# #...#
#gW)###### #.#.#
#..@.....# #.†.#
##..####.#
##...########
#..####.####.
............#
#..#.........
#####.#####.#
#.......###..
#...#.#####.###...†...#
#.#.#.##.....###......#
. #....#........##...##
#####.[#..#####.######


You could see dscm's ghost and a hobgoblin.

Vanquished Creatures
  An orc priest (D:3)
  An orc wizard (D:3)
  Ijyb (D:2)
  An adder (D:3)
  An ooze (D:2)
  2 dart slugs
  3 leopard geckos
  7 orcs (D:3)
  A ball python (D:3)
  8 bats
  3 giant cockroaches (D:2)
  5 goblins
  7 hobgoblins
  5 jackals
  2 quokkas
  4 frilled lizards
  5 kobolds
  6 rats
63 creatures vanquished.

Notes
Turn   | Place    | Note
-------+----------+-------------------------------------------
     0 | D:1      | kSp the Demonspawn Gladiator began the quest for the Orb.
     0 | D:1      | Reached XP level 1. HP: 16/16 MP: 1/1
   227 | D:1      | Reached skill level 3 in Polearms
   391 | D:1      | Gained mutation: You are slightly more attuned to the shadows. [demonic ancestry]
   391 | D:1      | Reached XP level 2. HP: 22/22 MP: 2/2
  1324 | D:2      | Gained mutation: You have a pair of small antennae on your head. [demonic ancestry]
  1324 | D:2      | Reached XP level 3. HP: 22/27 MP: 3/3
  1590 | D:2      | Reached skill level 1 in Armour
  1814 | D:2      | Noticed Ijyb
  1825 | D:2      | Killed Ijyb
  1969 | D:2      | Gained mutation: You are significantly more attuned to the shadows. [demonic ancestry]
  1969 | D:2      | Reached XP level 4. HP: 34/34 MP: 4/4
  2402 | D:3      | Gained mutation: You have an increased reservoir of magic. (+10% MP) [potion of mutation]
  2402 | D:3      | Gained mutation: You possess an exceptional clarity of mind. [potion of mutation]
  2402 | D:3      | Gained mutation: You are resistant to electric shocks. (rElec) [potion of mutation]
  2640 | D:3      | Reached skill level 1 in Stealth
  2808 | D:3      | Reached skill level 4 in Polearms
  2808 | D:3      | Gained mutation: You have a pair of antennae on your head. [demonic ancestry]
  2808 | D:3      | Reached XP level 5. HP: 24/39 MP: 5/5
  2991 | D:3      | Noticed dscm's ghost (weakling HOFi)
  3048 | D:3      | HP: 1/39 [leopard gecko (4)]
  3049 | D:3      | Mangled by dscm's ghost

Skill      XL: |  1  2  3  4 |
---------------+-------------+-----
Polearms       | 3 4 |  4.1
Dodging        | 3 |  3.4
Armour         | 1 |  1.6
Stealth        | 1 |  1.2
Fighting       | |  2.4
Throwing       | |  1.7

Action                   |  1- 3 |  4- 6 || total
-------------------------+-------+-------++-------
Melee: Trident           |   104 |    90 ||   194
       War axe           |       |     5 ||     5
  Use: Potion            |     2 |     3 ||     5
 Stab: Sleeping          |     3 |     6 ||     9
       Distracted        |       |     1 ||     1
  Eat: Fruit             |     1 |       ||     1
       Chunk             |     1 |     2 ||     3
       Meat ration       |       |     1 ||     1
       Bread ration      |       |     1 ||     1
Armor: Leather armour    |    22 |       ||    22
       Ring mail         |    39 |    77 ||   116
Dodge: Dodged            |   104 |   108 ||   212
